 Dungeon Crawl Stone Soup version 0.24-a0-504-gcfb02b9d07 (webtiles) character file.

Game seed: 2844616519195571129

47483 mopl the Cleaver (level 14, -9/111 HPs)
             Began as a Human Gladiator on July 17, 2019.
             Was a Follower of Uskayaw.
             Mangled by a four-headed hydra (11 damage)
             ... on level 6 of the Lair of Beasts.
             The game lasted 00:48:18 (24552 turns).

mopl the Cleaver (Human Gladiator)                 Turns: 24552, Time: 00:48:18

Health: -9/111     AC: 19    Str: 20    XL:     14   Next: 81%
Magic:  17/31      EV: 12    Int:  8    God:    Uskayaw [*.....]
Gold:   748        SH:  6    Dex: 15    Spells: 10/13 levels left

rFire    + . .     SeeInvis .   a - +3 battleaxe (flame)
rCold    . . .     Gourm    .   (shield currently unavailable)
rNeg     . . .     Faith    .   e - +2 ring mail {rF+}
rPois    +         Spirit   .   n - +1 helmet
rElec    .         Reflect  +   Y - +0 cloak {+Inv}
rCorr    .         Harm     .   u - +2 pair of gloves {archery}
MR       +....                  v - +1 pair of boots {Fly}
Stlth    +.........             V - +6 amulet of reflection
HPRegen  0.28/turn              D - ring of magical power
MPRegen  0.22/turn              l - ring of poison resistance

@: about to teleport, flying
A: no striking features
a: Stomp, Renounce Religion, Evoke Invisibility, Stop Flying


You were on level 6 of the Lair of Beasts.
You worshipped Uskayaw.
Uskayaw was aware of your devotion.
You were near starving.

You visited 4 branches of the dungeon, and saw 21 of its levels.
You also visited: Sewer.

You collected 1789 gold pieces.
You spent 1041 gold pieces at shops.

Inventory:

Hand Weapons
 a - a +3 battleaxe of flaming (weapon)
 b - a +1 battleaxe of electrocution
 O - a +0 broad axe
Missiles
 d - a throwing net
 i - 2 datura-tipped darts
 x - 6 javelins
 J - 20 poisoned darts (quivered)
 U - 8 atropa-tipped darts
Armour
 e - a +2 ring mail of fire resistance (worn)
 n - a +1 helmet (worn)
 u - a +2 pair of gloves of archery (worn)
 v - a +1 pair of boots of flying (worn)
 Y - a +0 cloak of invisibility (worn)
Jewellery
 l - a ring of poison resistance (right hand)
 D - a ring of magical power (left hand)
 Q - an uncursed ring of positive energy
 V - a +6 amulet of reflection (around neck)
Wands
 c - a wand of acid (6)
 F - a wand of flame (7)
 G - a wand of clouds (1)
 L - a wand of iceblast (1)
 N - a wand of polymorph (14)
 X - a wand of digging (6)
Scrolls
 g - a scroll of silence {!r}
 h - 8 scrolls of teleportation
 o - 5 scrolls of fear {unknown}
 q - 2 scrolls of magic mapping
 r - 4 scrolls of enchant armour
 s - 7 scrolls of remove curse
 t - 3 scrolls of fog
 w - 2 scrolls of immolation
 B - 5 scrolls of enchant weapon {unknown}
 C - a scroll of amnesia
 M - 7 scrolls of blinking {unknown}
 R - 2 scrolls of vulnerability
Potions
 j - 3 potions of heal wounds
 k - 10 potions of curing
 m - 3 potions of ambrosia
 p - a potion of magic
 y - 5 potions of agility
 z - 3 potions of might
 A - 2 potions of cancellation
 E - 2 potions of brilliance
 H - a potion of berserk rage {!q}
 K - 5 potions of haste
 P - a potion of mutation {!q}
Miscellaneous
 S - a lamp of fire
Comestibles
 f - 33 rations
 I - a chunk of flesh


   Skills:
 + Level 10.6 Fighting
 + Level 14.5 Axes
 + Level 8.0 Throwing
 + Level 10.3 Armour
 - Level 3.0 Dodging
 + Level 11.2 Invocations
 - Level 5.0 Evocations


You had 10 spell levels left.
You knew the following spells:

 Your Spells              Type           Power        Failure   Level  Hunger
a - Apportation           Tloc           #.....       54%         1    ##.....
e - Blink                 Tloc           N/A          69%         2    ###....

Your spell library contained the following spells:

 Spells                   Type           Power        Failure   Level  Hunger
 Animate Skeleton         Necr           N/A          54%         1    ##.....
 Confusing Touch          Hex            #.....       54%         1    ##.....
 Corona                   Hex            #......      54%         1    ##.....
 Magic Dart               Conj           #...         54%         1    ##.....
 Shock                    Conj/Air       #...         54%         1    ##.....
 Sting                    Conj/Pois      #...         54%         1    ##.....
 Summon Small Mammal      Summ           #...         54%         1    ##.....
 Call Imp                 Summ           #.......     69%         2    ###....
 Ensorcelled Hibernation  Hex/Ice        #.....       69%         2    ###....
 Poisonous Vapours        Pois/Air       #.....       69%         2    ###....
 Slow                     Hex            #.......     69%         2    ###....
 Swiftness                Chrm/Air       #.......     69%         2    ###....
 Confuse                  Hex            #.......     89%         3    ####...
 Conjure Flame            Conj/Fire      #.......     89%         3    ####...
 Dazzling Spray           Conj/Hex       #.....       89%         3    ####...
 Mephitic Cloud           Conj/Pois/Air  #.......     89%         3    ####...
 Static Discharge         Conj/Air       #.......     89%         3    ####...
 Tukima's Dance           Hex            #.......     89%         3    ####...
 Airstrike                Air            #.........   100%        4    #####..
 Olgreb's Toxic Radiance  Pois           #.......     100%        4    #####..
 Bolt of Magma            Conj/Fire/Erth #.........   100%        5    ######.
 Iskenderun's Battlesphe  Conj/Chrm      #.......     100%        5    ######.
 Lightning Bolt           Conj/Air       #.........   100%        5    ######.
 Venom Bolt               Conj/Pois      #.........   100%        5    ######.
 Iron Shot                Conj/Erth      #.........   100%        6    #######
 Orb of Destruction       Conj           #.........   100%        7    #######
 Spellforged Servitor     Conj/Summ      #.........   100%        7    #######


Dungeon Overview and Level Annotations

Branches:
Dungeon (12/15)            Temple (1/1) D:6            Lair (6/6) D:11
  Swamp (0/4) Lair:4       Spider (0/4) Lair:3        Slime (0/5) Lair:6
    Orc (2/2) D:12            Elf (0/3) Orc:2

Altars:
Ashenzari
Cheibriados
Dithmenos
Elyvilon
Fedhas
Gozag
Hepliaklqana
Kikubaaqudgha
Makhleb
Nemelex Xobeh
Okawaru
Qazlal
Ru
Sif Muna
Trog
Uskayaw
Vehumet
Wu Jian
Xom
Yredelemnul
Zin
The Shining One
Beogh
Jiyva

Shops:
D:9 !   Orc:1 :   Orc:2 %*%[

Annotations:
D:6 3 runed translucent doors, KristoblXynda's ghost, novice DrSk; KristoblXynda's ghost, novice DsGl; aaksess's ghost, novice OgFE; forest's ghost, novice SpAs; zkyp's ghost, amateur GnWn
D:12 1 runed translucent door, Torious's ghost, journeyman DECj
Lair:2 exclusion: 2 oklob plants


Message History

Aim: a polar bear The polar bear explodes violently!
Something is hit by a flying piece of the polar bear!
You blow up the polar bear!
You can no longer merge with and destroy a victim.
You are near starving!
A wolf comes into view.
The polar bear growls angrily.
The wolf howls!
You hear a howl!
You hear a bark!
You hear a howl!
A warg comes into view.
Found 9 stones.
As you read the scroll of teleportation, it crumbles to dust.
You feel strangely unstable.
The warg howls!
The four-headed hydra bites you!
* * * LOW HITPOINT WARNING * * *
The four-headed hydra bites you but does no damage.
The four-headed hydra barely misses you.
The four-headed hydra bites you!
You die...

######## ## ...
#.#..#P##########. ..
#%...#P##.#.#÷#..
...###...P#.#........
###......†.#........#.
...##.hh†#†...#...#.#
#..##h%#.##†.#######
#(#..Dh#####..#
#..@.h.# #....
#%....### ##....
#..hh..# ##.....
#.#......# ##.#. #
#...?.#.# ## .#.#P####
##.# ##


h You could see a four-headed hydra, 5 polar bears, a warg, a black bear and a
wolf.

Vanquished Creatures
  Rupert (Lair:3)
  A fire dragon (Lair:1)
  3 hydras
  Erica (Lair:2)
  A catoblepas (Lair:5)
  2 two-headed ogres
  Urug (Orc:1)
  3 orc high priests
  Nergalle (Lair:4)
  An unseen horror (D:12)
  4 orc knights
  4 orc sorcerers (Orc:2)
  A manticore (Lair:6)
  2 black mambas (Lair:6)
  Psyche (D:10)
  A centaur zombie (D:12)
  6 elephants
  A gargoyle (D:10)
  A centaur skeleton (D:10)
  A molten gargoyle (Orc:1)
  7 spiny frogs
  3 komodo dragons
  3 rime drakes
  5 polar bears
  A queen bee (D:10)
  4 trolls
  A meliai (Orc:2)
  Grinder (D:6)
  7 blink frogs
  2 bog bodies (Lair:4)
  2 raiju (Lair:6)
  Prince Ribbit (D:6)
  8 hippogriffs
  A wyvern (Lair:6)
  22 yaks
  A basilisk (Lair:6)
  2 humans
  2 hungry ghosts
  4 wargs
  3 swamp worms (Lair:4)
  2 hell hounds (Lair:6)
  14 water moccasins
  5 porcupines
  2 ice beasts
  10 black bears (Lair:6)
  A hornet zombie (D:12)
  18 orc warriors
  2 sky beasts
  A phantom (D:9)
  2 eyes of draining
  11 ogres
  16 wolves
  7 necrophages (D:8)
  6 centaurs
  4 big kobolds
  8 crocodiles
  Blork the orc (D:6)
  8 bullfrogs
  2 scorpions
  26 killer bees
  4 howler monkeys
  6 wights (D:8)
  9 electric eels
  4 crimson imps
  2 bullfrog zombies (D:12)
  3 jellies
  4 hounds
  23 orc priests
  2 bullfrog skeletons
  17 orc wizards
  8 worker ants
  An iguana (D:5)
  2 hound zombies (D:8)
  A mummy (D:8)
  2 hound skeletons
  A worker ant zombie (D:8)
  4 gnolls (D:3)
  14 adders
  A river rat (Sewer)
  A shadow imp (D:10)
  2 adder skeletons
  A worm (D:2)
  2 dart slugs
  5 leopard geckos
  52 orcs
  9 bats
  A bat zombie (D:3)
  11 giant cockroaches
  8 goblins
  8 hobgoblins
  10 jackals
  4 quokkas
  3 ball pythons
  5 frilled lizards
  25 kobolds
  2 leopard gecko skeletons (D:5)
  2 leopard gecko zombies
  11 rats
  8 fungi
  11 plants
552 creatures vanquished.

Vanquished Creatures (others)
  An orc wizard (Orc:2)
  A fire vortex (Lair:6)
  2 fungi (Lair:3)
  15 plants
19 creatures vanquished.

Grand Total: 571 creatures vanquished

Notes
Turn   | Place    | Note
-------+----------+-------------------------------------------
     0 | D:1      | mopl the Human Gladiator began the quest for the Orb.
     0 | D:1      | Reached XP level 1. HP: 16/16 MP: 1/1
   337 | D:1      | Reached XP level 2. HP: 21/22 MP: 2/2
  1281 | D:2      | Reached skill level 4 in Axes
  1281 | D:2      | Reached XP level 3. HP: 27/27 MP: 3/3
  1476 | D:2      | Reached XP level 4. HP: 23/33 MP: 4/4
  1700 | D:2      | Reached skill level 5 in Axes
  1919 | D:2      | You fall into a shaft and drop 1 floor!
  2011 | D:3      | Found a glowing drain.
  2019 | D:3      | Reached XP level 5. HP: 36/38 MP: 5/5
  2033 | Sewer    | Entered a sewer
  2072 | Sewer    | Noticed a big kobold
  2185 | Sewer    | Killed a big kobold
  2185 | Sewer    | Reached skill level 6 in Axes
  2225 | Sewer    | Found a white marble altar of Elyvilon.
  2447 | D:3      | Found a faded altar of an unknown god.
  2487 | D:3      | Reached XP level 6. HP: 44/44 MP: 6/6
  2899 | D:3      | Found a burning altar of Makhleb.
  3149 | D:3      | Reached skill level 7 in Axes
  3163 | D:3      | Found a shimmering altar of Xom.
  3360 | D:3      | Found an ancient bone altar of Kikubaaqudgha.
  3451 | D:4      | Reached XP level 7. HP: 46/50 MP: 7/7
  3956 | D:4      | You fall into a shaft and drop 3 floors!
  4074 | D:5      | Entered Level 5 of the Dungeon
  4097 | D:6      | Noticed a water moccasin
  4107 | D:6      | Killed a water moccasin
  4107 | D:6      | Reached skill level 8 in Axes
  4110 | D:6      | Noticed Blork the orc
  4127 | D:6      | Killed Blork the orc
  4235 | D:6      | Found a runed translucent gate.
  4235 | D:6      | Noticed Prince Ribbit
  4342 | D:4      | Reached XP level 8. HP: 54/56 MP: 8/8
  4445 | D:4      | Reached skill level 9 in Axes
  5034 | D:5      | Found a sparkling altar of Nemelex Xobeh.
  5144 | D:5      | Reached skill level 10 in Axes
  6069 | D:6      | Killed Prince Ribbit
  6069 | D:6      | Reached XP level 9. HP: 25/61 MP: 9/9
  6255 | D:6      | Found a runed translucent gate.
  6256 | D:6      | Found a runed translucent gate.
  6257 | D:6      | Noticed aaksess's ghost (novice OgFE)
  6257 | D:6      | Noticed KristoblXynda's ghost (novice DrSk)
  6258 | D:6      | Noticed KristoblXynda's ghost (novice DsGl)
  6258 | D:6      | Noticed zkyp's ghost (amateur GnWn)
  6258 | D:6      | Noticed forest's ghost (novice SpAs)
  6304 | D:6      | Reached skill level 11 in Axes
  6446 | D:6      | Found a staircase to the Ecumenical Temple.
  6455 | Temple   | Entered the Ecumenical Temple
  6496 | Temple   | Became a worshipper of Uskayaw the Reveler
  6526 | D:6      | Reached * piety under Uskayaw
  6575 | D:6      | Noticed Grinder
  6577 | D:6      | Paralysed by Grinder for 3 turns
  6585 | D:6      | Reached ** piety under Uskayaw
  6588 | D:6      | Killed Grinder
  6588 | D:6      | Reached skill level 1 in Armour
  6588 | D:6      | Reached skill level 1 in Invocations
  6588 | D:6      | Reached *** piety under Uskayaw
  6720 | D:7      | Reached skill level 2 in Invocations
  6976 | D:7      | Reached skill level 3 in Fighting
  6976 | D:7      | Reached skill level 2 in Armour
  7459 | D:8      | Reached skill level 3 in Invocations
  7464 | D:8      | Reached **** piety under Uskayaw
  7469 | D:8      | Reached ***** piety under Uskayaw
  7471 | D:8      | Reached skill level 3 in Armour
  7479 | D:8      | Reached skill level 4 in Fighting
  7517 | D:8      | Reached XP level 10. HP: 54/70 MP: 5/12
  7563 | D:8      | Reached skill level 4 in Invocations
  7902 | D:8      | Reached skill level 4 in Armour
  8276 | D:9      | Reached skill level 5 in Fighting
  8305 | D:9      | Reached skill level 5 in Invocations
  8469 | D:9      | Found Imynoera's Distillery.
  8711 | D:9      | Bought 2 potions of haste for 260 gold pieces
  8711 | D:9      | Bought 2 potions of curing for 78 gold pieces
  8961 | D:9      | Found a bloodstained altar of Trog.
  8974 | D:9      | Found a white marble altar of Elyvilon.
  9032 | D:9      | Found a shadowy altar of Dithmenos.
  9067 | D:9      | Noticed a two-headed ogre
  9070 | D:9      | Killed a two-headed ogre
  9070 | D:9      | Reached skill level 12 in Axes
  9070 | D:9      | Reached skill level 5 in Armour
  9266 | D:9      | Found a burning altar of Makhleb.
  9591 | D:10     | Entered Level 10 of the Dungeon
  9622 | D:10     | Noticed a gargoyle
  9636 | D:10     | Killed a gargoyle
  9675 | D:10     | Reached skill level 6 in Invocations
  9685 | D:10     | Reached skill level 6 in Fighting
  9685 | D:10     | Reached XP level 11. HP: 41/81 MP: 9/15
 10169 | D:10     | Noticed Psyche
 10180 | D:10     | Killed Psyche
 10180 | D:10     | Reached skill level 6 in Armour
 10632 | D:10     | Reached skill level 7 in Invocations
 10845 | D:10     | Reached skill level 7 in Fighting
 11305 | D:11     | Noticed a two-headed ogre
 11312 | D:11     | Killed a two-headed ogre
 11548 | D:11     | Found a staircase to the Lair.
 11570 | D:11     | Reached skill level 7 in Armour
 11905 | D:11     | Learned a level 1 spell: Apportation
 12563 | D:12     | Found a staircase to the Orcish Mines.
 12601 | D:12     | Reached skill level 8 in Invocations
 12970 | D:12     | Found a runed translucent door.
 12970 | D:12     | Found a shimmering altar of Xom.
 12970 | D:12     | Noticed a +1 halberd of chaos
 12970 | D:12     | Noticed Torious's ghost (journeyman DECj)
 13036 | D:12     | Reached XP level 12. HP: 91/91 MP: 18/18
 13060 | D:12     | Identified the +4 leather armour of the Serpent {MR+
                  | Stlth+}
 13274 | D:12     | Killed an unseen horror
 13274 | D:12     | Reached skill level 13 in Axes
 13443 | D:12     | Reached skill level 3 in Throwing
 14018 | Orc:1    | Entered Level 1 of the Orcish Mines
 14038 | Orc:1    | Reached skill level 8 in Fighting
 14626 | Orc:1    | Noticed Urug
 14648 | Orc:1    | Killed Urug
 14673 | Orc:1    | Reached skill level 4 in Throwing
 14890 | Orc:1    | Found Xioba's Book Emporium.
 14933 | Orc:1    | Reached skill level 8 in Armour
 15222 | Orc:2    | Entered Level 2 of the Orcish Mines
 15952 | Orc:2    | Found a roughly hewn altar of Beogh.
 16136 | Orc:2    | Found a staircase to the Elven Halls.
 16138 | Orc:2    | Noticed Maurice
 16139 | Orc:2    | Noticed Maurice
 16139 | Orc:2    | Maurice changed into Maurice the rime drake
 16142 | Orc:2    | Noticed Maurice
 16142 | Orc:2    | Maurice the rime drake changed into Maurice the meliai
 16144 | Orc:2    | Killed Maurice the meliai
 16416 | Orc:2    | Noticed an orc high priest
 16452 | Orc:2    | Noticed a soul eater
 16454 | Orc:2    | Noticed a sun demon
 16455 | Orc:2    | Noticed a sun demon
 16460 | Orc:1    | Killed an orc high priest
 16460 | Orc:1    | Reached skill level 9 in Invocations
 16904 | Orc:1    | Reached skill level 1 in Evocations
 17288 | Orc:2    | Noticed an orc high priest
 17322 | Orc:1    | Killed an orc high priest
 17322 | Orc:1    | Reached skill level 2 in Evocations
 17529 | Orc:2    | Noticed an orc high priest
 17539 | Orc:2    | Killed an orc high priest
 17539 | Orc:2    | Reached skill level 5 in Throwing
 17539 | Orc:2    | Reached XP level 13. HP: 100/100 MP: 19/19
 18052 | Orc:2    | Found Piof's Food Shoppe.
 18277 | Orc:2    | Found Jan Iju's Food Boutique.
 18306 | Orc:2    | Reached skill level 9 in Fighting
 18306 | Orc:2    | Reached skill level 3 in Evocations
 18603 | Orc:2    | Found Xatiotwa's Assorted Antiques.
 18605 | Orc:2    | Found Sen Quatt's Armour Shoppe.
 18611 | Orc:2    | Bought a scroll labeled HUYM ZEPRUEPH for 24 gold pieces
 18611 | Orc:2    | Bought a scroll of identify for 48 gold pieces
 18611 | Orc:2    | Bought a scroll labeled MOYGAC DUSIN for 24 gold pieces
 18611 | Orc:2    | Bought a scroll of identify for 48 gold pieces
 18741 | Lair:1   | Entered Level 1 of the Lair of Beasts
 19221 | Lair:1   | Noticed a fire dragon
 19238 | Lair:1   | Killed a fire dragon
 19406 | D:9      | Bought a potion of mutation for 104 gold pieces
 19406 | D:9      | Bought a potion of magic for 104 gold pieces
 19406 | D:9      | Bought a potion of haste for 130 gold pieces
 19406 | D:9      | Bought a potion of agility for 52 gold pieces
 19406 | D:9      | Bought a potion of haste for 130 gold pieces
 19406 | D:9      | Bought a potion of curing for 39 gold pieces
 19607 | Lair:2   | Reached skill level 9 in Armour
 19610 | Lair:2   | Noticed a four-headed hydra
 19615 | Lair:2   | Killed a one-headed hydra
 19900 | Lair:2   | Reached skill level 6 in Throwing
 20120 | Lair:2   | Noticed Erica
 20135 | Lair:2   | Killed Erica
 20135 | Lair:2   | Reached skill level 4 in Evocations
 20655 | Lair:3   | Reached skill level 10 in Invocations
 20677 | Lair:3   | Identified a scroll of acquirement
 20787 | Lair:3   | Noticed Rupert
 20794 | Lair:3   | Paralysed by Rupert for 5 turns
 20799 | Lair:3   | Killed Rupert
 20803 | Lair:3   | Noticed an eight-headed hydra
 20809 | Lair:3   | Killed a four-headed hydra
 21032 | Lair:3   | Found a hole to the Spider Nest.
 21158 | Lair:3   | Learned a level 2 spell: Blink
 21643 | Lair:4   | Reached skill level 14 in Axes
 21652 | Lair:4   | Reached XP level 14. HP: 82/109 MP: 21/21
 21914 | Lair:4   | Reached skill level 5 in Evocations
 21947 | Lair:4   | Noticed Nergalle
 21991 | Lair:4   | Killed Nergalle
 22597 | Lair:4   | Found a staircase to the Swamp.
 22831 | Lair:5   | Reached skill level 7 in Throwing
 22853 | Lair:5   | Reached skill level 10 in Fighting
 23269 | Lair:5   | You are sucked into a shaft and drop 1 floor!
 23269 | Lair:6   | Entered Level 6 of the Lair of Beasts
 23308 | Lair:6   | Found a staircase to the Slime Pits.
 23308 | Lair:6   | Found a viscous altar of Jiyva.
 23423 | Lair:6   | Found a deep blue altar of Sif Muna.
 23429 | Lair:6   | Reached skill level 10 in Armour
 23568 | Lair:6   | Reached skill level 11 in Invocations
 24534 | Lair:6   | Reached ****** piety under Uskayaw
 24549 | Lair:6   | Reached skill level 8 in Throwing
 24552 | Lair:6   | HP: 2/111 [four-headed hydra (11)]
 24552 | Lair:6   | Mangled by a four-headed hydra

Levels and vault maps discovered:
D:1:      nicolae_arrival_somewhat_less_tricky_arrival, layout_loops_ring,
          serial_bayou, serial_bayou_pond_a, serial_bayou_shore_a,
          serial_bayou_pond_b, serial_bayou_lake_a, serial_bayou_pond_b,
          chequers_big_river, minivault_5
D:2:      layout_rooms
D:3:      layout_loops_ring, lemuel_zombie_altar_kikubaaqudgha,
          lightli_temple_of_fire, marbit_many_paths, portal_sewer_entry_b,
          chequers_ecumenical_altar_twisty, kennysheep_generic_room_10
D:4:      layout_rooms, first_ration, grunt_ministairs_8
D:5:      layout_basic, nemelex_diamond_rough_becter
D:6:      layout_rooms, temple_hall, gammafunk_ghost_cemetery, serial_glass,
          glass_columns_a, glass_columns_b, uniq_grinder, uniq_blork_the_orc,
          uniq_prince_ribbit1
D:7:      layout_basic, serial_curves, eino_curves_04, eino_curves_02
D:8:      layout_gridville, serial_undead, serial_undead_d, serial_undead_a,
          serial_undead_e, serial_undead_a, serial_undead_d, serial_undead_d,
          grunt_pizzeria
D:9:      layout_roguey, overflow_temple_1_default,
          grunt_dithmenos_smoke_and_mirrors, nicolae_overflow_crystal_walls,
          basic_altar, serial_shops, shop, kennysheep_generic_room_12
D:10:     layout_loops_ring, special_room [special_room_bee], uniq_psyche
D:11:     layout_long_grid, david_lair_shrubbed, hex_medium, water_maze_lemuel
D:12:     layout_layer_cave, erik_orc_4, ebering_ghost_xom, minivault_14
Temple:   nicolae_temple_x_marks_the_god
Lair:1:   dragon1_lemuel, layout_hall_layers, serial_bayou_pond_a
Lair:2:   layout_regular_city, minmay_lair_oklob_chamber, grunt_megastairs_5,
          lemuel_fruit_tree, uniq_erica
Lair:3:   statuecave_lemuel, layout_loops_ring, spider_nest_entry_web_field,
          lemuel_fruit_fields, uniq_rupert
Lair:4:   layout_loops_ring, nicolae_swamp_entry_splash_gauntlet, uniq_nergalle
Lair:5:   layout_long_grid, cheibrodos_lair_reptile_den
Lair:6:   hangedman_lair_caniforms_friends, layout_gridlike, slime_altar_1,
          basic_altar, special_room [special_room_mythical_zoo], serial_bayou,
          serial_bayou_lagoon_b, serial_bayou_lagoon_a, serial_bayou_shore_b,
          serial_bayou_shore_b, serial_bayou_ford_a, st_stairs_12
Orc:1:    layout_diamond_mine, serial_shops, shop, nicolae_orc_sculptors_studio,
          nicolae_orc_lava_tube, uniq_urug
Orc:2:    st_orc_elflike, layout_caves, basic_altar, uniq_maurice

Skill      XL: |  1  2  3  4  5  6  7  8  9 10 11 12 13 14 |
---------------+-------------------------------------------+-----
Axes           | 4 5 6 7 8 10 11 12 13 14 | 14.5
Armour         | 3 5 7 8 9 10 | 10.3
Invocations    | 3 6 8 9 10 11 | 11.2
Fighting       | 4 6 7 8 9 10 | 10.6
Throwing       | 5 6 8 |  8.0
Evocations     | 2 4 5 |  5.0
Dodging        | |  3.0

Action                   |  1- 3 |  4- 6 |  7- 9 | 10-12 | 13-15 || total
-------------------------+-------+-------+-------+-------+-------++-------
Melee: War axe           |    79 |   215 |   338 |       |       ||   632
       Battleaxe         |       |       |    10 |   690 |   479 ||  1179
Throw: Throwing net      |       |       |    11 |     2 |       ||    13
       Dart              |       |       |       |    32 |    10 ||    42
Invok: Line Pass         |       |       |     3 |    11 |     3 ||    17
       Stomp             |       |       |     2 |     7 |     2 ||    11
       Grand Finale      |       |       |       |       |     2 ||     2
Evoke: Wand              |       |       |       |    23 |     6 ||    29
  Use: Scroll            |       |       |    13 |     4 |    14 ||    31
       Potion            |       |       |       |     3 |       ||     3
 Stab: Held in net/web   |       |       |     4 |     1 |       ||     5
       Confused          |       |       |     3 |     2 |       ||     5
       Paralysed         |       |       |     1 |    32 |    63 ||    96
  Eat: Chunk             |     2 |     7 |    16 |    28 |    23 ||    76
       Ration            |       |       |     1 |     3 |       ||     4
Armor: Leather armour    |    24 |       |       |       |       ||    24
       Scale mail        |    18 |    15 |       |       |       ||    33
       Ring mail         |       |    76 |   127 |   295 |   227 ||   725
Dodge: Dodged            |    78 |   151 |   160 |   388 |   259 ||  1036
Block: Other             |       |       |       |     2 |   111 ||   113
       Reflection        |       |       |       |       |     1 ||     1

Table legend:
 A = Non-vault XP
 B = Vault XP
 C = Vault XP percentage of total XP
 D = Non-vault monster count
 E = Vault monster count
 F = Vault count percentage of total count
                 A         B        C        D         E       F
            +---------+---------+-------+---------+---------+-------
      Total |   39646 |   28188 |  41.6 |     374 |     160 |  30.0
            +---------+---------+-------+---------+---------+-------
        D:1 |      21 |       6 |  22.2 |      12 |       5 |  29.4
        D:2 |      99 |       0 |   0.0 |      29 |       0 |   0.0
        D:3 |     242 |      10 |   4.0 |      30 |       7 |  18.9
        D:4 |     458 |       2 |   0.4 |      11 |       1 |   8.3
        D:5 |     532 |       0 |   0.0 |      17 |       0 |   0.0
        D:6 |     332 |     648 |  66.1 |       8 |       3 |  27.3
        D:7 |     483 |       0 |   0.0 |       9 |       0 |   0.0
        D:8 |     767 |    1205 |  61.1 |      18 |      15 |  45.5
        D:9 |    1875 |     129 |   6.4 |      14 |       1 |   6.7
       D:10 |    2657 |    2161 |  44.9 |      38 |      25 |  39.7
       D:11 |    1697 |     383 |  18.4 |      25 |       1 |   3.8
       D:12 |    3305 |     628 |  16.0 |      21 |      16 |  43.2
     Lair:1 |     789 |    1065 |  57.4 |       4 |       1 |  20.0
     Lair:2 |    3015 |    1833 |  37.8 |      15 |       6 |  28.6
     Lair:3 |    3407 |    2721 |  44.4 |      11 |       1 |   8.3
     Lair:4 |    4316 |    1886 |  30.4 |      18 |       7 |  28.0
     Lair:5 |    3427 |     770 |  18.3 |      12 |       7 |  36.8
     Lair:6 |    8656 |    5136 |  37.2 |      33 |      27 |  45.0
      Orc:1 |    2812 |    3123 |  52.6 |      29 |       4 |  12.1
      Orc:2 |     756 |    6359 |  89.4 |      20 |      23 |  53.5
      Sewer |       0 |     123 | 100.0 |       0 |      10 | 100.0
            +---------+---------+-------+---------+---------+-------
